 Dungeon Crawl Stone Soup version 0.22-a0-565-gfc6459a (webtiles) character file.

1040 Amnesiac the Covert (level 8, -2/36 HPs)
             Began as a Spriggan Wanderer on June 28, 2018.
             Was an Initiate of Ru.
             Slain by a sky beast (6 damage)
             ... on level 6 of the Dungeon.
             The game lasted 00:14:55 (3395 turns).

Amnesiac the Covert (Spriggan Wanderer)             Turns: 3395, Time: 00:14:56

Health: -2/36      AC:  2    Str: 11    XL:     8   Next: 4%
Magic:  3/15       EV: 15    Int: 13    God:    Ru [......]
Gold:   210        SH:  0    Dex: 15    Spells: 5/15 levels left

rFire    . . .     SeeInvis +   a - +2 dagger
rCold    . . .     Gourm    .   (shield restricted)
rNeg     . . .     Faith    .   d - +0 robe
rPois    .         Spirit   .   (helmet restricted)
rElec    .         Reflect  .   (no cloak)
rCorr    .         Harm     .   (gloves unavailable)
MR       +....                  (boots unavailable)
Stlth    ++++......             (no amulet)
HPRegen  0.12/turn              (no ring)
MPRegen  0.14/turn              (no ring)

@: very quick
A: very small, unfitting armour, see invisible, herbivore, speed 3, slow
metabolism 2
a: Renounce Religion


You were on level 6 of the Dungeon.
You worshipped Ru.
Ru was noncommittal.
You were not hungry.

You visited 1 branch of the dungeon, and saw 6 of its levels.
You also visited: Sewer.

You collected 210 gold pieces.

Inventory:

Hand Weapons
 a - a +2 dagger (weapon)
Armour
 d - a +0 robe (worn)
Jewellery
 s - a +6 ring of protection {unknown}
Wands
 t - a wand of clouds (8)
Scrolls
 c - 3 scrolls of teleportation {!r}
 g - a scroll of blinking {!r, unknown}
 i - a scroll of immolation {!r}
 j - 2 scrolls of enchant weapon {!r}
 l - 4 scrolls of fear {!r, unknown}
 m - a scroll of fog {!r, unknown}
 n - 2 scrolls of magic mapping {!r, unknown}
 o - a scroll of remove curse {!r, unknown}
 q - a scroll of random uselessness {!r, unknown}
Potions
 b - a potion of berserk rage {!q}
 e - 2 potions of invisibility {!q, unknown}
 h - 2 potions of curing {!q}
 k - a potion of lignification {!q}
 p - a potion of mutation {!q, unknown}
 r - a potion of magic {!q, unknown}
Comestibles
 f - 4 rations


   Skills:
 - Level 8.0 Short Blades
 - Level 8.0 Stealth
   Level 1.0 Shields
 - Level 4.0 Spellcasting
 - Level 4.0 Hexes
   Level 1.5 Translocations
 + Level 1.2 Transmutations
   Level 1.0 Air Magic
 * Level 1.2 Earth Magic


You had 5 spell levels left.
You knew the following spells:

 Your Spells              Type           Power        Failure   Level  Hunger
a - Dazzling Spray        Conj/Hex       #.....       26%         3    ###....
b - Passwall              Tmut/Erth      #.......     19%         2    ##.....
e - Petrify               Tmut/Erth      #.......     77%         4    ####...
z - Confusing Touch       Hex            ##....       4%          1    None

Your spell library contained the following spells:

 Spells                   Type           Power        Failure   Level  Hunger
 Magic Dart               Conj           #...         21%         1    None
 Iskenderun's Mystic Bla  Conj           #.......     90%         4    ####...
 Stone Arrow              Conj/Erth      #.....       43%         3    ###....
 Lee's Rapid Deconstruct  Erth           #.........   98%         5    ######.
 Sandblast                Erth           #.....       12%         1    None
 Portal Projectile        Hex/Tloc       #.....       21%         3    ###....
 Fulminant Prism          Conj/Hex       #.........   65%         4    ####...
 Force Lance              Conj/Tloc      #.......     83%         4    ####...
 Searing Ray              Conj           #.....       30%         2    ##.....


Dungeon Overview and Level Annotations

Branches:
Dungeon (6/15)
 Temple: D:4-7

Altars:
Ru
Trog
Uskayaw
Xom

Annotations:
D:4 Natasha


Innate Abilities, Weirdness & Mutations

You are very small and have problems with some larger weapons.
You are too small for most types of armour.
You have supernaturally acute eyesight. (SInv)
You are a herbivore.
You cover ground extremely quickly.
You need to consume almost no food.


Message History

The sky beast shocks you.
* * * LOW HITPOINT WARNING * * *
You hit the sky beast.
The sky beast is lightly wounded.
You hit the sky beast but do no damage.
The sky beast is lightly wounded.
The sky beast misses you.
You barely miss the sky beast.
The sky beast is lightly wounded.
You hit the sky beast.
The sky beast is lightly wounded.
You hit the sky beast but do no damage.
The sky beast is lightly wounded.
Casting: Confusing Touch (safe; 4% risk of failure)
Confirm with . or Enter, or press ? or * to list all spells.
Aiming: Dazzling Spray (safe; 26% risk of failure)
Press: ? - help, Shift-Dir - straight line, f - sky beast
Aim: a sky beast (lightly wounded, confused)
The spray of energy hits the sky beast.
The sky beast is moderately wounded.
Unknown command.
Casting: Dazzling Spray (safe; 26% risk of failure)
Confirm with . or Enter, or press ? or * to list all spells.
Aiming: Dazzling Spray (safe; 26% risk of failure)
Press: ? - help, Shift-Dir - straight line, f/p - sky beast
Aim: a sky beast (moderately wounded, confused)
The spray of energy hits the sky beast.
The sky beast is heavily wounded.
The sky beast seems less confused.
Unknown command.
Things that are here:
a shortbow; 26 arrows
Casting: Dazzling Spray (safe; 26% risk of failure)
Confirm with . or Enter, or press ? or * to list all spells.
Aiming: Dazzling Spray (safe; 26% risk of failure)
Press: ? - help, Shift-Dir - straight line, f/p - sky beast
Aim: a sky beast (heavily wounded)
The spray of energy hits the sky beast.
The sky beast is heavily wounded.
The sky beast is dazzled.
Unknown command.
You barely miss the sky beast.
The sky beast is heavily wounded.
The sky beast closely misses you.
Evoke which item? (* to show all) (? for menu, Esc to quit)
Okay, then.
Casting: Dazzling Spray (safe; 26% risk of failure)
Confirm with . or Enter, or press ? or * to list all spells.
Aiming: Dazzling Spray (safe; 26% risk of failure)
Press: ? - help, Shift-Dir - straight line, f/p - sky beast
Aim: a sky beast (heavily wounded, blind, hasn't noticed you)
The spray of energy hits the sky beast.
The sky beast is severely wounded.
Unknown command.
Your magical contamination has completely faded away.
The gnoll shouts!
You hit the sky beast.
The sky beast is almost dead.
You closely miss the sky beast.
The sky beast is almost dead.
The sky beast hits you.
* * * LOW HITPOINT WARNING * * *
The sky beast shocks you.
You die...

#...#.......
#...#...o...
#....Yg... #.......#
#...g..# #####
#..g...# #....
#########......###....
#...Y...#......##.....
#.###@.....g...##..(..
#)# #.#.#.#######.....
#.# #.#.#.# #.#...
#.###.#.#.#######.#.##
#..)..#...............
#######...........##.#
####...###..##.# #.#.#
#.....# #.#.####.####


You could see a sky beast (blind) and a gnoll.

Vanquished Creatures
  Eustachio (D:4)
  A sky beast (D:5)
  2 ogres (D:6)
  A centaur (D:6)
  A scorpion (D:5)
  A centaur skeleton (D:4)
  3 hounds
  A jelly (D:6)
  2 orc priests (D:6)
  Natasha (D:4)
  3 worker ants
  A killer bee zombie (D:4)
  3 hound skeletons
  4 gnolls
  3 adders
  5 river rats
  An adder skeleton (D:5)
  2 leopard geckos
  6 orcs
  7 giant cockroaches
  4 hobgoblins (D:1)
  2 jackals (D:5)
  A quokka (D:4)
  4 ball pythons
  A bat (D:1)
  9 frilled lizards
  A goblin (D:1)
  A quokka skeleton (D:5)
  7 rats
79 creatures vanquished.

Notes
Turn   | Place    | Note
-------+----------+-------------------------------------------
     0 | D:1      | Amnesiac the Spriggan Wanderer began the quest for the Orb.
     0 | D:1      | Amnesiac set off with: a +2 dagger, a potion of berserk rage {!q}, a +0 robe, a ration
     0 | D:1      | Reached XP level 1. HP: 9/9 MP: 6/6
     4 | D:1      | Learned a level 1 spell: Confusing Touch
    59 | D:1      | Reached skill level 1 in Short Blades
    89 | D:1      | Reached XP level 2. HP: 13/13 MP: 5/8
   225 | D:2      | Found a bloodstained altar of Trog.
   230 | D:2      | You fall through a shaft!
   287 | D:4      | Noticed Eustachio
   321 | D:4      | Killed Eustachio
   321 | D:4      | Reached XP level 3. HP: 9/16 MP: 9/9
   321 | D:4      | Reached XP level 4. HP: 12/21 MP: 11/11
   321 | D:4      | Reached XP level 5. HP: 14/24 MP: 12/12
   350 | D:4      | Found a shimmering altar of Xom.
   350 | D:4      | Found a shimmering altar of Xom.
   351 | D:4      | Found a shimmering altar of Xom.
   351 | D:4      | Found a shimmering altar of Xom.
   352 | D:4      | Found a shimmering altar of Xom.
   426 | D:4      | Reached skill level 5 in Short Blades
   426 | D:4      | Reached skill level 5 in Stealth
   468 | D:4      | Noticed an ogre
   634 | D:4      | Noticed Natasha
   646 | D:4      | Killed Natasha
   646 | D:4      | Reached XP level 6. HP: 9/28 MP: 10/13
   651 | D:4      | Noticed Natasha
   859 | D:4      | Found a glowing drain.
   911 | Sewer    | Entered a sewer
  1719 | D:4      | Found a shimmering altar of Xom.
  1722 | D:4      | Found a shimmering altar of Xom.
  1978 | D:5      | Entered Level 5 of the Dungeon
  2023 | D:5      | Found a sacrificial altar of Ru.
  2034 | D:5      | Became a worshipper of Ru the Awakened
  2258 | D:5      | Reached XP level 7. HP: 24/32 MP: 14/14
  2263 | D:5      | Learned a level 3 spell: Dazzling Spray
  2671 | D:5      | Learned a level 2 spell: Passwall
  3284 | D:6      | Found a hide-covered altar of Uskayaw.
  3314 | D:6      | Learned a level 4 spell: Petrify
  3346 | D:6      | Reached skill level 1 in Transmutations
  3346 | D:6      | Reached skill level 1 in Earth Magic
  3346 | D:6      | Reached XP level 8. HP: 36/36 MP: 15/15
  3395 | D:6      | Slain by a sky beast

Vault maps used:
D:1:      dpeg_arrival_erosion, minmay_rat_gold_closets
D:2:      minmay_roachtagon, overflow_temple_1_default, lemuel_crystal_altar,
          first_ration, minmay_tetromino_o4
D:4:      portal_sewer_entry_b, xom_redecorated, uniq_eustachio, uniq_natasha
D:5:      lemuel_doored_altar
D:6:      overflow_temple_1_default
Sewer:    sewer_co_cracked_pipes

Skill      XL: |  1  2  3  4  5  6  7 |
---------------+----------------------+-----
Short Blades   | 1 4 5 6 8 |  8.0
Hexes          | 4 |  4.0
Stealth        | 4 5 6 8 |  8.0
Transmutations | 1 |  1.2
Earth Magic    | 1 |  1.2
Shields        | |  1.0
Spellcasting   | |  4.0
Translocations | |  1.5
Air Magic      | |  1.0

Action                   |  1- 3 |  4- 6 |  7- 9 || total
-------------------------+-------+-------+-------++-------
Melee: Dagger            |    35 |   113 |    48 ||   196
       Unarmed           |    14 |    37 |    15 ||    66
 Cast: Confusing Touch   |     9 |    24 |     8 ||    41
       Dazzling Spray    |       |       |     7 ||     7
       Passwall          |       |       |     3 ||     3
  Use: Scroll            |       |     6 |       ||     6
       Potion            |       |       |     1 ||     1
 Stab: Sleeping          |     4 |    14 |    10 ||    28
       Confused          |     6 |    16 |     4 ||    26
  Eat: Ration            |       |       |     2 ||     2
Armor: Robe              |     3 |     7 |     1 ||    11
Dodge: Dodged            |    25 |    67 |    25 ||   117

Table legend:
 A = Spawn XP
 B = Non-spawn XP
 C = Spawn XP percentage of total XP
 D = Spawn monster count
 E = Non-spawn monster count
 F = Spawn count percentage of total count
 G = Total turns spent on level
                    A         B        C        D         E        F      G
               +---------+---------+-------+---------+---------+-------+---------
         Total |       0 |    1487 |   0.0 |       0 |      79 |   0.0 |  3395
               +---------+---------+-------+---------+---------+-------+---------
           D:1 |       0 |      17 |   0.0 |       0 |      10 |   0.0 |   218
           D:3 |       0 |       4 |   0.0 |       0 |       3 |   0.0 |    77
           D:4 |       0 |     500 |   0.0 |       0 |      26 |   0.0 |   877
           D:5 |       0 |     255 |   0.0 |       0 |       9 |   0.0 |   927
           D:6 |       0 |     621 |   0.0 |       0 |      13 |   0.0 |   490
         Sewer |       0 |      90 |   0.0 |       0 |      18 |   0.0 |   794
               +---------+---------+-------+---------+---------+-------+---------
